Cogmind - Beta 9.2 @@@ ROGUE MODE // 2019.11.29 @ 16:48:53 Player: Enzo Result: Destroyed by YI-UF0 with YI-UF0's Doublenader Performance ------------- Evolutions (0) 0 Regions Visited (2) 400 Robots Destroyed (21) 105 Value Destroyed (344) 344 Prototype IDs (0) 0 Alien Tech Used (0) 0 Bonus (0) 0 TOTAL SCORE: 849 Bonus ------- None Cogmind --------- Core Integrity 0/250 Matter 281/300 Energy 100/100 System Corruption 0% Temperature Cool (0) Movement Rolling (90) Ox1 Location -10/Mines Parts ------- > --- POWER (1) -------- (None) > --- PROPULSION (2) --- Wheel > --- UTILITY (2) ------ Large Storage Unit > --- WEAPON (2) ------- Heavy Assault Rifle > --- INVENTORY (10) --- Sensor Array Signal Interpreter Hacking Suite Rocket Launcher Rocket Launcher Mining Laser Peak State ------------ > --- POWER ------------ Light Ion Engine > --- PROPULSION ------- Light Treads Light Treads > --- UTILITY ---------- Improved Heat Sink Large Storage Unit > --- WEAPON ----------- EM Shotgun Heavy Assault Rifle > --- INVENTORY -------- Sensor Array Signal Interpreter Hacking Suite EM Shotgun Rocket Launcher Rocket Launcher Mining Laser [Rating: 12] Favorites ----------- Power Light Ion Engine Engine Light Ion Engine Propulsion Light Treads Treads Light Treads Wheel Wheel Utility Large Storage Unit Device Improved Terrain Scanner Storage Large Storage Unit Protection Medium Armor Plating Weapon EM Pulse Gun Energy Gun EM Pulse Gun Energy Cannon Beam Cannon Ballistic Gun Heavy Assault Rifle Launcher Rocket Launcher Build | -11 -10 -10 ------- Run | Scr Mat Min Slots Evolved . | . . . Power . | . . . Propulsion . | . . . Utility . | . . . Weapon . | . . . Parts Attached 24 | 7 14 3 Power 2 | 1 1 . Engine 2 | 1 1 . Core . | . . . Reactor . | . . . Propulsion 3 | 2 . 1 Treads 2 | 2 . . Leg . | . . . Wheel 1 | . . 1 Hover . | . . . Flight . | . . . Utility 6 | 2 4 . Device 2 | 1 1 . Storage 3 | 1 2 . Processor . | . . . Hackware . | . . . Protection 1 | . 1 . Artifact . | . . . Weapon 13 | 2 9 2 Energy Gun 6 | 2 3 1 Energy Cannon 1 | . 1 . Ballistic Gun 3 | . 2 1 Ballistic Cannon . | . . . Launcher 3 | . 3 . Special Weapon . | . . . Impact Weapon . | . . . Slashing Weapon . | . . . Piercing Weapon . | . . . Special Melee Weapon . | . . . Unidentified Prototypes . | . . . Parts Lost 12 | . 5 7 Power 2 | . 1 1 Propulsion 2 | . . 2 Utility 3 | . 2 1 Weapon 5 | . 2 3 Highest Loss Streak 5 | . 3 5 Average Slot Usage (%) 93 | . 98 76 Engine 12 | . 13 7 Treads 24 | . 28 13 Wheel 1 | . . 5 Device 8 | . 10 . Storage 14 | . 14 14 Protection 4 | . 3 7 Energy Gun 15 | . 16 12 Energy Cannon 4 | . 5 . Ballistic Gun 4 | . 1 14 Launcher 3 | . 4 . Naked Turns . | . . . Heaviest Build 35 | 12 35 34 Greatest Support 40 | 40 40 40 Greatest Overweight (x) 7 | . . 7 Average Overweight (x) . | . . 1 Largest Inventory Capacity 10 | 6 10 10 Average Capacity 9 | 5 9 10 Most Carried 9 | 1 9 8 Average Carried 5 | . 5 7 Final Capacity 10 | 6 10 10 Final Carried 8 | 1 8 6 Class Distribution -------------------- 100% | Mutant Dominant Class ---------------- Mutant | -10/Materials Mutant | -10/Mines Resources | -11 -10 -10 ----------- Run | Scr Mat Min Matter Collected 524 | 218 249 57 Remotely . | . . . Salvage Created 530 | 22 458 50 Parts 39 | 2 34 3 Haulers Intercepted 2 | . 2 . Recyclers Shooed 1 | . 1 . Parts Field Recycled . | . . . Retrieved Matter . | . . . Parts Self-Destructed . | . . . Prevented . | . . . Kills | -11 -10 -10 ------- Run | Scr Mat Min Combat Hostiles Destroyed 10 | . 9 1 Guns 3 | . 2 1 Cannons 1 | . 1 . AOE 6 | . 6 . Classes Destroyed 10 | 1 8 1 Worker 2 | . 1 1 Builder 2 | . 2 . Tunneler 2 | 1 1 . Hauler 2 | . 2 . Recycler 1 | . 1 . Operator 1 | . 1 . Watcher 1 | . 1 . Swarmer 4 | . 4 . Grunt 5 | . 5 . Demolisher 1 | . . 1 Best Kill Streak 6 | 1 6 1 Combat Bots Only 6 | . 6 1 Max Kills in Single Turn 2 | 1 2 1 Gunslinging . | . . . Exploded 2 | . 2 . Melee . | . . . Uniques/NPCs Destroyed . | . . . Combat | -11 -10 -10 -------- Run | Scr Mat Min Damage Taken 1263 | . 645 618 Core 259 | . 58 201 Absorbed by Shields . | . . . Core Remaining (%) 100 | 100 . . Volleys Fired 58 | 1 42 15 Largest 2 | 2 2 2 Hottest 100 | 80 100 68 Shots Fired 99 | 2 76 21 Gun 71 | 2 48 21 Cannon 20 | . 20 . Launcher 8 | . 8 . Special . | . . . Kinetic 20 | . 5 15 Thermal 20 | . 20 . Explosive 8 | . 8 . Electromagnetic 51 | 2 43 6 Robot Hit Streak 14 | 2 14 5 Robot Miss Streak 3 | . 2 3 Penetration Max . | . . . Secondary Targets 2 | . 2 . Max Gunslinging Chain 1 | . 1 . Shots Hit Robots 68 | 2 53 13 Core Hits 32 | 1 27 4 Critical Hits . | . . . Critical Kills . | . . . Critical Parts Destroyed . | . . . Melee Attacks . | . . . Impact . | . . . Slashing . | . . . Piercing . | . . . Sneak Attacks . | . . . Combat Hostiles . | . . . Follow-up Attacks . | . . . Damage Inflicted 1547 | 28 1323 196 Guns 730 | 28 506 196 Cannons 229 | . 229 . Explosions 588 | . 588 . Melee . | . . . Ramming . | . . . Kinetic 126 | . 15 111 Thermal 319 | . 319 . Explosive 498 | . 498 . Electromagnetic 604 | 28 491 85 Impact . | . . . Slashing . | . . . Piercing . | . . . Highest Corruption . | . . . Average Corruption . | . . . Corruption Purged . | . . . Overload Shots . | . . . Overflow Damage 26 | . 26 . Projectiles . | . . . Explosions 26 | . 26 . Melee . | . . . Knockbacks . | . . . Impact . | . . . Kinetic . | . . . Secondary . | . . . Self-Inflicted Damage 98 | . 98 . Shots 4 | . 4 . Rammed . | . . . Targets Rammed . | . . . Kicked . | . . . Crushed . | . . . Highest Temperature 225 | 18 225 43 Average Temperature 63 | 12 71 19 Received Heat Transfer 219 | . 219 . Effects 2 | . 2 . Interference 2 | . 2 . Siege Activations . | . . . Robots Corrupted . | . . . Combat Hostiles . | . . . Parts Fried 2 | . 1 1 Impact Corruptions . | . . . Robots Melted . | . . . Combat Hostiles . | . . . Parts Melted 1 | . 1 . Heat Transferred 631 | . 631 . Parts Sabotaged . | . . . Parts Stolen . | . . . Parts Stripped . | . . . Power Chain Reactions 3 | . 3 . Missiles Intercepted . | . . . Alert | -11 -10 -10 ------- Run | Scr Mat Min Peak Influence 185 | 5 185 24 Average Influence 60 | 3 82 11 Maximum Alert Level . | . . . Low Security (%) 100 | 100 100 100 Level 1 . | . . . Level 2 . | . . . Level 3 . | . . . Level 4 . | . . . Level 5 . | . . . High Security . | . . . Max Security . | . . . Squads Dispatched 5 | . 5 . Investigation 1 | . 1 . Extermination . | . . . Reinforcement 4 | . 4 . Assault . | . . . Garrison . | . . . Intercept . | . . . Construction Impeded . | . . . Haulers Reinforced . | . . . Stealth | -11 -10 -10 --------- Run | Scr Mat Min Distress Signals 1 | . 1 . Communications Jammed . | . . . Distress Signals . | . . . Times Spotted 21 | . 16 5 Peak Tracking Total 7 | . 7 2 Tactical Retreats 3 | . 3 . Traps | -11 -10 -10 ------- Run | Scr Mat Min Traps Triggered . | . . . Indirectly . | . . . Trap Hack Attempts . | . . . Triggered . | . . . Disarmed . | . . . Reprogrammed . | . . . Reused . | . . . Traps Extracted . | . . . Installed . | . . . Triggered . | . . . Machines | -11 -10 -10 ---------- Run | Scr Mat Min Machines Disabled . | . . . Max in Single Turn . | . . . Machines Sabotaged . | . . . Garrisons Compromised . | . . . Overloaded Fab Kills . | . . . Fab Network Shutdowns . | . . . Hacking | -11 -10 -10 --------- Run | Scr Mat Min Machines Accessed 2 | . 2 . Terminals 2 | . 2 . Fabricators . | . . . Repair Stations . | . . . Recycling Units . | . . . Scanalyzers . | . . . Garrison Access . | . . . Total Hacks 7 | . 7 . Successful 5 | . 5 . Failed 2 | . 2 . Catastrophic 1 | . 1 . Database Lockouts . | . . . Manual 5 | . 5 . Terminals 7 | . 7 . Fabricators . | . . . Repair Stations . | . . . Recycling Units . | . . . Scanalyzers . | . . . Garrison Access . | . . . Terminal Hacks 4 | . 4 . Unreport Threat 1 | . 1 . Locate Traps 2 | . 2 . Recall Reinforcements 1 | . 1 . Fabricator Hacks . | . . . Repair Station Hacks . | . . . Recycling Unit Hacks . | . . . Scanalyzer . | . . . Garrison Access Hacks . | . . . Unauthorized Hacks 3 | . 3 . Terminals 1 | . 1 . Botnet 1 | . 1 . Fabricators . | . . . Repair Stations . | . . . Recycling Units . | . . . Scanalyzers . | . . . Garrison Access . | . . . Data Cores Recovered 1 | . 1 . Used . | . . . Hacking Detections 2 | . 2 . Full Trace Events . | . . . Feedback Events . | . . . Feedback Blocked . | . . . Robot Schematics Acquired . | . . . Robots Built . | . . . Matter . | . . . Time . | . . . Total Robot Build Rating . | . . . Part Schematics Acquired . | . . . Parts Built . | . . . Matter . | . . . Time . | . . . Total Part Build Rating . | . . . Parts Repaired . | . . . Time . | . . . Parts Recycled . | . . . Recycled Matter . | . . . Retrieved Matter . | . . . Retrieved Components . | . . . Parts Scanalyzed . | . . . Part Schematics Acquired . | . . . Parts Damaged . | . . . Bothacking | -11 -10 -10 ------------ Run | Scr Mat Min Used RIF Installer . | . . . Robots Hacked . | . . . Non-combat . | . . . Combat . | . . . Robot Hacks Applied . | . . . Relay Couplers Released . | . . . Robots Rewired . | . . . Allies Hacked . | . . . Hacks Repelled . | . . . Allies | -11 -10 -10 -------- Run | Scr Mat Min Total Allies . | . . . Largest Group . | . . . Highest-Rated Group . | . . . Highest-Rated Ally . | . . . Total Orders . | . . . Ally Attacks . | . . . Total Damage . | . . . Kills . | . . . Allies Corrupted . | . . . Allies Melted . | . . . Intel | -11 -10 -10 ------- Run | Scr Mat Min Robot Analysis Total . | . . . Derelict Logs Recovered 1 | . . 1 Drone Launches . | . . . Drone Recoveries . | . . . Exploration | -11 -10 -10 ------------- Run | Scr Mat Min Turns Passed 1050 | 110 745 195 Spaces Moved 528 | 59 351 118 Core 7 | 6 . 1 Treads 453 | 53 351 49 Legs . | . . . Wheels 68 | . . 68 Hover . | . . . Flight . | . . . Fastest Speed 50 | 50 160 90 Average Speed 151 | 148 160 127 Slowest Speed 400 | 160 160 400 Overloaded Moves . | . . . Propulsion Burnouts . | . . . Robots Hopped . | . . . Cave-ins Triggered . | . . . Exploration Rate (%) 28 | 5 49 30 Regions Visited 2 Branch Regions 1 Pre-discovered Areas 1 | . . 1 Known Exits Taken . | . . . Unknown Exits Taken 2 | 1 1 . Scrap Searched . | . . . Spaces Dug . | . . . Terrain Destroyed 63 | . 63 . Melee . | . . . Projectile . | . . . AOE 63 | . 63 . Actions | -11 -10 -10 --------- Run | Scr Mat Min Total 672 | 76 455 141 Wait 48 | 9 35 4 Move 526 | 58 350 118 Hop . | . . . Pick Up 11 | 1 10 . Fast Attach 12 | 7 4 1 Attach 5 | . 3 2 Detach . | . . . Swap 7 | . 7 . Drop 4 | . 4 . Fire 58 | 1 42 15 Melee . | . . . Ram . | . . . Kick . | . . . Crush . | . . . Escape Stasis . | . . . Rewire 1 | . . 1 Trap . | . . . Miscellaneous . | . . . Route ------- -11/Scrapyard -10/Materials (discovered 2 exits: [*Mat] / [*Min]) -10/Mines History --------- Turn | Location | Event 64 | -11/Scrapyard | Discovered new exit (range 16) 111 | -11/Scrapyard | Entered Materials 226 | -10/Materials | Met 8R-AWN 309 | -10/Materials | Build established: Mutant 571 | -10/Materials | Discovered new exit (range 7) 573 | -10/Materials | Lost 3 parts (1u2w) 817 | -10/Materials | Discovered new exit (range 14) 856 | -10/Materials | Entered Mines 857 | -10/Mines | Followed 8R-AWN into the Mines 869 | -10/Mines | Learned location of Zion (-6) 897 | -10/Mines | Assembled infested the area 966 | -10/Mines | Core integrity fell below 50% 991 | -10/Mines | Assisted by bots powering up and referring to "LRC-V3" 994 | -10/Mines | Lost 5 parts (1p2n1u1w) 1050 | -10/Mines | Core integrity fell below 20% 1051 | -10/Mines | Destroyed by YI-UF0 with YI-UF0's Doublenader Last Messages --------------- 00967_ D-53 Grenadier destroyed. 00968_ K-01 Serf collects debris. 00968_ K-01 Serf destroyed. 00969_ The unstable cave ceiling collapses. 00975_ Acquired Wheel. 00985_ The unstable cave ceiling collapses. 00991_ YI-UF0 nonchalantly drops a Grenade Launcher on the ground. 01026_ G-47 Trooper destroyed. 01030_ YI-UF0: "KABOOM!" 01030_ G-34 Mercenary destroyed. 01031_ YI-UF0: "Whaaaaaaaa!" 01031_ The unstable cave ceiling collapses. 01036_ Acquired 21 matter. 01039_ R-06 Scavenger destroyed. 01040_ Acquired 8 matter. 01041_ R-06 Scavenger destroyed. 01042_ The unstable cave ceiling collapses. 01043_ Hvy. Assault Rifle destroyed. 01045_ EM Shotgun destroyed. 01051_ The unstable cave ceiling collapses. Map ----- +----------------------------------------------------+ | ?????????????????????????????????????????????????? | | ?????????????#???????????????????????????????????? | | ????????????## ??????????????????????????????????? | | ????????????# ??????????????????"???????????????? | | ????????????# ????????????????? ??????????????? | | ???????????## ???????????????# #????##????????? | | ?????????### ??????????#???# #?# ##???????? | | ???????### #?####??? #???# #? ##??????? | | ???????$ ## #### ##### #? ##?????? | | ??????????????# ## ## #??? | | ??????????????## # ####### # # ???? | | ???????????????# ## #????## ????? | | ???????????????## ### #???## ?????? | | ????????????????# #?# #??## ??????? | | ????????????????## ##?# #### """ #? ???????? | | ?????????????????####??# """ #### #???????? | | ???????????????##??????##### """ # #???????? | | ??????????????? ??????????## #???????? | | ???????????????# #??????????#### ##??????? | | ??????????????## #??????????#### #??????? | | ?????????????## ##?????##### % #??????? | | ????????????## ####### ! ##??????? | | ???????????## ## #### #???????? | | ??????????## """ # # #???# #???????? | | ?????????## """ ##???# #???????? | | ?????????# """ @ #???# #???????? | | ?????????# g #???# #???????? | | ?????????## ## #???# ####????? | | ??????????## ###### #####???# #????? | | ???????????####?????## ####???????#### ##???? | | ?????????????????????# ###??####???## # ##??? | | ?????????????????????# ##??### ##?### ##?? | | ?????????????????????## ##### ### #?? | | ??????????????????????# % ##? | | ??????????????????????# ] # #? | | ??????????????????????######## # | | ?????????????????????????????## # # | | ??????????????????????????????## # | | ???????????????????????????????#### ### # ## | | ??????????????????????????????????# ##?## #? | | ??????????????????????????????????# #???#### # ##? | | ??????????????????????????????????# #???????####?? | | ??????????????????????????????????# #????????????? | | ??????????????????????????????????# #????????????? | | ??????????????????????????????????# ????????????? | | ?????????????????????????????????? ????????????? | | ??????????????????????????????????###????????????? | | ?????????????????????????????????????????????????? | | ?????????????????????????????????????????????????? | | ?????????????????????????????????????????????????? | +----------------------------------------------------+ Best States ------------- Heat Dissipation 39 Energy Generation 10 Energy Capacity 250 Matter Stores 300 Matter Capacity 300 Sight Range 16 Terrain Scan Range 16 Terrain Scan Density 10 Armor Coverage 225 Evasion (%) 40 Recoil Reduction 2 Item Schematics ----------------- None Robot Schematics ------------------ None Fabricated ------------ Nothing Alien Tech Used ----------------- None Achievements -------------- None Challenges ------------ None Game ------ Seed SubatomicDataShield Manual? 0 Play Time 00:10:40 Cumulative 13.2 hours Start 2019.11.28 @ 18:26:12 End 2019.11.29 @ 16:48:53 Sessions 2 Manual Loads 0 Difficulty Rogue Special Mode None Game No. 37 Rogue 37 Adventurer 0 Explorer 0 Win Type - Total 0 Types 0/0/0/0/0/0/0 Lore% 35 Gallery% 30 Achievement% 26 Wizard Run 0 Options --------- ASCII 0 Keyboard 0 Movement Numpad Keybinds 0 Fullscreen 2 Font 24/Smallcaps Map View 76x50 Tactical HUD 1 Map Filters NONE Filters NONE Steam 1 RUN: 6565c885-0cf7-42e0-8dd0-324e7238f301